 Seeded DCSS version 0.30-a0-862-g1aabd4f9c5 (webtiles) character file.

Game seed: 9831431238919465070 (custom seed)

116 Mickster the Covered (level 4, -5/38 HPs)
             Began as a Demigod Fighter on Mar 9, 2023.
             Killed by divine providence
             ... invoked by an orc priest
              (13 damage)
             ... on level 3 of the Dungeon.
             The game lasted 00:18:32 (2020 turns).

Mickster the Covered (Demigod Fighter)              Turns: 2020, Time: 00:18:33

Health: -5/38      AC: 10    Str: 21    XL:     4   Next: 43%
Magic:  6/6        EV:  7    Int: 10    God:
Gold:   79         SH:  5    Dex: 15    Spells: 3/3 levels left

rFire   . . .      SeeInvis .    f - +2 short sword (venom)
rCold   . . .      Faith    .    c - +0 buckler
rNeg    . . .      Spirit   .    g - +0 chain mail
rPois   .          Reflect  .    (no helmet)
rElec   .          Rampage  .    (no cloak)
rCorr   .                        (no gloves)
Will    .....                    (no boots) Stlth
                                 (no amulet)
HPRegen 0.26/turn                (no ring)
MPRegen 0.10/turn                (no ring)

@: mighty
A: high MP 1, forlorn, divine attributes, thin skeletal structure 1, shaggy fur
1
a: no special abilities


You were on level 3 of the Dungeon.
You visited 1 branch of the dungeon, and saw 3 of its levels.

You collected 79 gold pieces.

Inventory:

Hand Weapons
 a - a +0 war axe
 f - a +2 short sword of venom (weapon)
 h - a +0 sling
Missiles
 e - 12 stones (quivered)
Armour
 b - a +0 scale mail
 c - a +0 buckler (worn)
 g - a +0 chain mail (worn)
Potions
 i - a potion of lignification


   Skills:
 + Level 3.2 Fighting
 * Level 1.5 Short Blades
 - Level 1.7 Axes
 + Level 3.5 Armour
 + Level 0.1 Dodging
 + Level 3.5 Shields


You had 3 spell levels left.
You didn't know any spells.
Your spell library was empty.

Dungeon Overview and Level Annotations

Branches:
Dungeon (3/15)


Innate Abilities, Weirdness & Mutations

You have an increased reservoir of magic. (+10% MP)
You shall have no god before yourself.
Your divine heritage dramatically boosts your attributes as you level up.
You have a somewhat thin skeletal structure. (Dex +2, Stealth+)
You are covered in fur. (AC +1)


Message History

An endoplasm comes into view.
The endoplasm quivers.
An adder comes into view.
Found 20 gold pieces.
The adder hisses angrily.
The endoplasm hits you but does no damage.
You hit the endoplasm.
The endoplasm is poisoned.
The endoplasm is moderately wounded.
The endoplasm hits you but does no damage.
You hit the endoplasm.
The endoplasm looks as sick as possible!
The endoplasm is severely wounded.
You kill the endoplasm!
The adder closely misses you. The adder bites you but does no damage.
You miss the adder. The adder barely misses you.
You puncture the adder!
The adder is poisoned.
The adder is heavily wounded.
You block the adder's attack. The adder closely misses you.
You hit the adder but do no damage.
The adder looks as sick as possible!
The adder is heavily wounded.
The adder barely misses you.
You closely miss the adder.
The adder is almost dead.
You kill the adder!
You see here an adder corpse.
You now have 79 gold pieces (gained 20).
An orc priest and 2 orcs come into view.
An orc is wielding a +1 hand axe of venom.
The orc priest shouts!
The orc shouts!
You hear a shout! x2
An orc comes into view. It is wielding a +0 hand axe.
An orc comes into view.
It is wielding a +0 hand axe and wearing a +2 scale mail of fire resistance.
The orc priest invokes the aid of Beogh against you.
Beogh smites you!
The orc priest invokes the aid of Beogh against you.
Beogh smites you!
* * * LOW HITPOINT WARNING * * *
You feel very mighty all of a sudden.
The orc priest mumbles some strange prayers to Beogh against you.
Beogh smites you!
You die...

#.......#.##..#.#
....##..).###.##..#.#
#....##....##.##..#.#
####....##....#.##..#.# #
.........##.........#.# ##.#
.....oo.##........#.##...##
...oo..###........†.....#
######.#o#########.##.##.####
#.......o.o..@........# .#
#.####.################ .#
... .# ###. .# #. .# #. .# #.
#.


You could see an orc priest and 2 orcs.

Vanquished Creatures
  Jessica (D:2)
  6 adders
  5 ball pythons
  2 bats
  5 endoplasms
  A giant cockroach (D:2)
  A goblin (D:1)
  2 hobgoblins (D:2)
  7 jackals
  3 frilled lizards
  2 kobolds (D:2)
  A rat (D:2)
36 creatures vanquished.

Notes
Turn   | Place    | Note
-------+----------+-------------------------------------------
     0 | D:1      | Mickster the Demigod Fighter began the quest for the Orb.
     0 | D:1      | Reached XP level 1. HP: 18/18 MP: 3/3
   463 | D:2      | Noticed Jessica
   467 | D:2      | Killed Jessica
   468 | D:2      | Reached XP level 2. HP: 26/26 MP: 4/4
   511 | D:2      | Reached XP level 3. HP: 31/31 MP: 5/5
   871 | D:2      | Reached skill level 1 in Short Blades
   871 | D:2      | Reached XP level 4. HP: 30/38 MP: 6/6
  1367 | D:2      | Gained mutation: You have a somewhat thin skeletal
                  | structure. (Dex +2, Stealth+) [potion of mutation]
  1367 | D:2      | Gained mutation: You are covered in fur. (AC +1) [potion of
                  | mutation]
  2020 | D:3      | Killed from afar by an orc priest

Illustrated notes

Levels and vault maps discovered:
D:1:      minmay_arrival_widening_spiral_wide, layout_rooms,
          minmay_misc_feat_tiny, minmay_misc_feat_iff, item_on_display_b
D:2:      layout_basic, shapermc_ecumenical_altar_mp_vishouse,
          grunt_ministairs_10, moated_statue, nicolae_half_adder, uniq_jessica
D:3:      layout_basic, serial_shops, shop, kennysheep_cross_room,
          nrook_mini_backslash

Skill      XL: |  1  2  3 |
---------------+----------+-----
Fighting       | 3 |  3.2
Armour         | 3 |  3.5
Shields        | 3 |  3.5
Short Blades   | 1 |  1.5
Axes           | |  1.7
Dodging        | |  0.1

Action                     |  1- 3 |  4- 6 || total
---------------------------+-------+-------++-------
  Melee: War axe           |    23 |       ||    23
         Short sword       |    54 |    38 ||    92
   Fire: Sling             |       |     6 ||     6
    Use: Scroll            |     2 |     1 ||     3
         Potion            |     1 |     5 ||     6
 Armour: Scale mail        |    20 |       ||    20
         Skin              |     2 |       ||     2
         Chain mail        |    43 |    32 ||    75
  Dodge: Dodged            |    42 |    19 ||    61
  Block: Buckler           |    22 |     8 ||    30

Table legend: (Time is in decaauts)
 A = Elapsed time spent in this place.
 B = Non-inter-level travel time spent in this place.
 C = Inter-level travel time spent in this place.
 D = Time resting spent in this place.
 E = Time spent auto-exploring this place.
 F = Levels seen in this place.
 G = Mean time per level.
                   A        B        C        D        E       F      G
               +--------+--------+--------+--------+--------+-----+--------+
         Total |   2034 |   1859 |    175 |    285 |      0 |   3 |  678.0 |
       Dungeon |   2034 |   1859 |    175 |    285 |      0 |   3 |  678.0 |
               +--------+--------+--------+--------+--------+-----+--------+

Top non-repeatable levels by time:
     D:2: 1345 daAuts
     D:1: 403 daAuts
     D:3: 285 daAuts
